 Dungeon Crawl Stone Soup version 0.25.0-46-gbd7b0854d2 (webtiles) character file.

Game seed: 8772762590049184749

1682 rueful the Spear-Bearer (level 9, -4/68 HPs)
             Began as a Formicid Abyssal Knight on July 15, 2020.
             Was an Elder of Lugonu.
             Slain by an orc warrior
             ... wielding a +0 hand axe
              (13 damage)
             ... on level 6 of the Dungeon.
             The game lasted 00:18:17 (10079 turns).

rueful the Spear-Bearer (Formicid Abyssal Knight)  Turns: 10079, Time: 00:18:18

Health: -4/68      AC: 10    Str: 21    XL:     9   Next: 21%
Magic:  10/10      EV:  7    Int: 11    God:    Lugonu [****..]
Gold:   323        SH:  3    Dex: 10    Spells: 8/8 levels left

rFire    . . .     SeeInvis +   a - +1 spear
rCold    . . .     Gourm    .   k - +0 buckler
rNeg     . . .     Faith    .   b - +0 chain mail
rPois    +         Spirit   .   (helmet unavailable)
rElec    .         Reflect  .   C - +0 cloak
rCorr    .         Harm     .   (no gloves)
MR       .....                  (no boots)
Stlth    ..........             s - amulet of magic regeneration
HPRegen  0.21/turn              f - ring of poison resistance
MPRegen  0.37/turn              (no ring)

@: studying Polearms
A: permanent stasis, dig shafts and tunnels, four strong arms, antennae 3
a: Dig, Shaft Self, Depart the Abyss, Bend Space, Banish, Corrupt, Renounce
Religion


You were on level 6 of the Dungeon.
You worshipped Lugonu.
Lugonu was greatly pleased with you.
You were not hungry.

You visited 1 branch of the dungeon, and saw 6 of its levels.
You visited the Abyss 1 time.
You also visited: Sewer.

You collected 323 gold pieces.

Inventory:

Hand Weapons
 a - a +1 spear (weapon)
 n - a +0 halberd
Missiles
 t - 6 poisoned darts (quivered)
 F - 2 silver boomerangs
Armour
 b - a +0 chain mail (worn)
 k - a +0 buckler (worn)
 C - a +0 cloak (worn)
Jewellery
 f - a ring of poison resistance (left hand)
 s - an amulet of magic regeneration (around neck)
Wands
 o - a wand of digging (5)
Scrolls
 d - 3 scrolls of remove curse
 j - a scroll of fear {unknown}
 m - a scroll of enchant armour {unknown}
 p - 4 scrolls of amnesia
 x - 2 scrolls of magic mapping {unknown}
 B - 2 scrolls of immolation {unknown}
 D - a scroll of noise {unknown}
Potions
 e - 8 potions of curing
 g - a potion of cancellation {unknown}
 h - a potion of berserk rage {unknown}
 i - 2 potions of haste {unknown}
 l - 4 potions of brilliance
 q - a potion of mutation {unknown}
 r - 2 potions of flight {unknown}
 u - 3 potions of stabbing
 v - 2 potions of might
 w - 4 potions of heal wounds
 A - 2 potions of lignification {unknown}
Books
 z - a manual of Polearms
Comestibles
 c - 11 rations


   Skills:
 - Level 5.4 Fighting
 + Level 11.6 Polearms
 + Level 4.3 Throwing
 - Level 3.4 Armour
 - Level 0.8 Dodging
 - Level 2.1 Invocations


You had 8 spell levels left.
You didn't know any spells.
Your spell library contained the following spells:

 Spells                   Type           Power        Failure   Level  Hunger
 Animate Skeleton         Necr           N/A          99%         1    ##.....
 Apportation              Tloc           #.....       99%         1    ##.....
 Corona                   Hex            #......      99%         1    ##.....
 Summon Small Mammal      Summ           #...         99%         1    ##.....


Dungeon Overview and Level Annotations

Branches:
Dungeon (6/15)             Temple (0/1) D:4           Sewer (visited)

Altars:
Elyvilon
Nemelex Xobeh

Annotations:
D:2 exclusion: downstairs
D:4 exclusion: 2 downstairs
D:5 3 runed translucent doors, exclusion: 2 downstairs, Melfegor's ghost, amateur HOSk


Innate Abilities, Weirdness & Mutations

You cannot be hasted, slowed, berserked, paralysed or teleported.
You can dig through walls and to a lower floor.
Your four strong arms can wield two-handed weapons with a shield.
You have a pair of large antennae on your head. (SInv)


Message History

The orc warrior hits you with a +0 hand axe!
* * * LOW HITPOINT WARNING * * *
You closely miss the orc warrior.
The orc warrior is almost dead.
You block the orc's attack.
You hit the orc warrior but do no damage.
The orc warrior is almost dead.
The orc wizard hits you but does no damage.
The orc warrior hits you with a +0 hand axe!
* * * LOW HITPOINT WARNING * * *
You barely miss the orc warrior.
The orc warrior is almost dead.
The orc warrior looks more healthy.
The orc hits you with a +0 flail.
* * * LOW HITPOINT WARNING * * *
The orc wizard casts a spell.
The orc wizard seems to speed up.
You hit the orc warrior but do no damage.
The orc warrior is almost dead.
The orc warrior hits you with a +0 hand axe!
You die...

##..# #.. {..# ##.# #.# #(# #
#.########.#####.# ####
#...##......(..((##########...
###..#.#)..(.>.(..<......o..##
##.[............)....######
###.#...........#####
#.#....(oo..#.### ##
##..[....@o..#...### #.
########...).##########...##
###. .....##..###.#
#####..###.o. .....##.## #)#
#..###....)## ........# #)##
####..# ##...###
.......#####..# #.....#
#.#.### ..........###)#
#.##.## #.#.).. ..........#
#.####.##.# #.#)###
#####.....# #......##.# ##..o#


You could see an orc warrior, an orc wizard (fast) and an orc.

Vanquished Creatures
  An orc warrior (D:6)
  2 ogres
  A centaur (D:5)
  A big kobold (Sewer)
  2 scorpions
  6 killer bees
  2 jellies (D:6)
  2 hounds
  4 orc wizards
  4 orc priests
  A gnoll shaman (D:5)
  4 iguanas
  3 worker ants
  9 gnolls
  10 adders
  A river rat (D:3)
  A shadow imp (D:6)
  2 oozes
  2 worms
  2 dart slugs
  5 leopard geckos
  24 orcs
  9 giant cockroaches
  6 goblins
  8 hobgoblins
  A jackal (D:5)
  3 quokkas
  4 ball pythons
  5 bats
  3 frilled lizards
  A giant cockroach zombie (D:5)
  A jackal skeleton (D:6)
  20 kobolds
  A quokka zombie (D:6)
  11 rats
  A plant (Sewer)
163 creatures vanquished.

Vanquished Creatures (others)
  4 plants (D:5)
4 creatures vanquished.

Grand Total: 167 creatures vanquished

Notes
Turn   | Place    | Note
-------+----------+-------------------------------------------
     0 | Abyss:1  | rueful the Formicid Abyssal Knight began the quest for the
                  | Orb.
     0 | Abyss:1  | Reached XP level 1. HP: 18/18 MP: 2/2
   166 | Abyss:2  | Noticed an ancient zyme
   168 | D:1      | Escaped the Abyss
   503 | D:1      | Reached XP level 2. HP: 16/25 MP: 3/3
   882 | D:1      | Reached * piety under Lugonu
   963 | D:1      | Reached XP level 3. HP: 30/30 MP: 4/4
  1647 | D:2      | Reached skill level 3 in Polearms
  1769 | D:2      | Reached XP level 4. HP: 37/37 MP: 5/5
  2419 | D:2      | Reached XP level 5. HP: 35/43 MP: 6/6
  2871 | D:3      | Reached skill level 4 in Polearms
  3315 | D:3      | Found a glowing drain.
  3374 | D:3      | Reached ** piety under Lugonu
  3395 | Sewer    | Entered a sewer
  3782 | Sewer    | Noticed a big kobold
  3953 | Sewer    | Killed a big kobold
  3953 | Sewer    | Reached skill level 5 in Polearms
  3953 | Sewer    | Reached XP level 6. HP: 9/50 MP: 7/7
  4815 | D:4      | Reached skill level 5 in Fighting
  4870 | D:4      | Noticed a phantom
  5044 | D:4      | Found a staircase to the Ecumenical Temple.
  5122 | D:4      | Reached skill level 6 in Polearms
  5379 | D:4      | Reached *** piety under Lugonu
  5379 | D:4      | Reached XP level 7. HP: 46/56 MP: 8/8
  5992 | D:5      | Entered Level 5 of the Dungeon
  6010 | D:5      | Reached skill level 7 in Polearms
  6262 | D:5      | Found a sparkling altar of Nemelex Xobeh.
  6880 | D:4      | Reached skill level 8 in Polearms
  6880 | D:4      | Reached XP level 8. HP: 61/63 MP: 9/9
  7109 | D:4      | Reached skill level 9 in Polearms
  7109 | D:4      | Reached skill level 1 in Throwing
  7739 | D:5      | Found a runed translucent gate.
  7740 | D:5      | Found a runed translucent gate.
  7741 | D:5      | Found a runed translucent gate.
  7742 | D:5      | Noticed Melfegor's ghost (amateur HOSk)
  7897 | D:5      | Reached skill level 10 in Polearms
  9262 | D:6      | Reached **** piety under Lugonu
  9262 | D:6      | Reached skill level 11 in Polearms
  9262 | D:6      | Reached XP level 9. HP: 67/68 MP: 10/10
  9530 | D:6      | Found a white marble altar of Elyvilon.
 10079 | D:6      | Slain by an orc warrior

Illustrated notes

Levels and vault maps discovered:
D:1:      evilmike_arrival_home_sweet_home, layout_basic
D:2:      layout_loops_ring, first_ration, kennysheep_generic_room_9
D:3:      layout_rooms, portal_sewer_entry_c
D:4:      layout_basic, minmay_temple_entry_mist, minmay_manual_moon
D:5:      layout_cave_pools, basic_altar, gammafunk_ghost_nasty_kobolds,
          grunt_tough_drop
D:6:      layout_rooms, nicolae_overflow_crystal_walls

Skill      XL: |  1  2  3  4  5  6  7  8  9 |
---------------+----------------------------+-----
Fighting       | 4 5 |  5.4
Polearms       | 3 5 6 8 11 | 11.6
Armour         | 3 |  3.4
Throwing       | 3 4 |  4.3
Dodging        | |  0.8
Invocations    | |  2.1

Action                   |  1- 3 |  4- 6 |  7- 9 || total
-------------------------+-------+-------+-------++-------
Melee: Spear             |   116 |   270 |   427 ||   813
       Halberd           |       |    71 |       ||    71
Throw: Dart              |       |     4 |    63 ||    67
       Boomerang         |       |       |     7 ||     7
Invok: Depart the Abyss  |     1 |       |       ||     1
  Use: Potion            |       |     1 |       ||     1
       Scroll            |       |     2 |     3 ||     5
  Eat: Chunk             |     2 |     9 |    12 ||    23
       Ration            |       |     1 |     1 ||     2
Armor: Leather armour    |    21 |    39 |       ||    60
       Ring mail         |       |    14 |     8 ||    22
       Chain mail        |       |       |   125 ||   125
Dodge: Dodged            |    47 |   129 |    89 ||   265
Block: Buckler           |       |    12 |    35 ||    47
